 Dungeon Sprint DCSS version 0.21-a0-71-g5e5ddd2 (webtiles) character file.

547 Kidiri the Cleaver (level 7, 0/63 HPs)
             Began as a Minotaur Gladiator on June 19, 2017.
             Was a Follower of Wu Jian.
             Slain by a merfolk
             ... wielding a +2 trident of flaming
              (5 damage)
             ... in the Dungeon (Sprint V: "Ziggurat Sprint").
             The game lasted 00:02:51 (502 turns).

Kidiri the Cleaver (Minotaur Gladiator)              Turns: 502, Time: 00:02:51

Health: 0/63       AC:  4    Str: 26    XL:     7   Next: 7%
Magic:  6/6        EV: 11    Int:  5    God:    Wu Jian [*.....]
Gold:   0          SH: 29    Dex: 18    Spells: 6/6 levels left

rFire    . . .     SeeInvis +   K - +14 obsidian axe {chop, +Fly SInv *Curse} (curse)
rCold    . . .     Gourm    .   M - +18 shield of the Gong {rElec rN+ MR+ EV-5}
rNeg     + . .     Faith    .   b - +0 leather armour
rPois    .         Spirit   .   c - +0 hat
rElec    +         Reflect  .   N - +0 cloak {+Inv}
rCorr    .         Harm     .   (no gloves)
MR       +....     NoTele   +   (no boots)
Stlth    +++.......             (no amulet)
HPRegen  0.20/turn              y - +6 ring of dexterity
MPRegen  0.10/turn              E - +6 ring of strength

@: mesmerised
A: retaliatory headbutt, horns 2
a: Renounce Religion, Evoke Invisibility, Evoke Flight


You were in the Dungeon.
You worshipped Wu Jian.
Wu Jian was aware of your devotion.
You were not hungry.

You visited 1 branch

Inventory:

Hand Weapons
 a - a +0 war axe
 K - the cursed +14 obsidian axe (weapon) {chop, +Fly SInv *Curse}
   (You found it in the Dungeon)

   It inflicts extra damage upon your enemies.
   It lets you see invisible.
   It lets you fly.
   It curses itself when equipped.
   It has a curse placed upon it.
Missiles
 d - 2 throwing nets (quivered)
Armour
 b - a +0 leather armour (worn)
 c - a +0 hat (worn)
 L - the +15 Maxwell's patent armour {-Cast -Tele rElec MR+ rCorr}
   (You found it in the Dungeon)

   It insulates you from electricity.
   It affects your resistance to hostile enchantments.
   It prevents spellcasting.
   It prevents most forms of teleportation.
   It protects you from acid and corrosion.
 M - the +18 shield of the Gong (worn) {rElec rN+ MR+ EV-5}
   (You found it in the Dungeon)

   It affects your evasion (-5).
   It insulates you from electricity.
   It protects you from negative energy.
   It affects your resistance to hostile enchantments.
 N - a +0 cloak of invisibility (worn)
Jewellery
 y - a +6 ring of dexterity (left hand)
 B - a +6 ring of dexterity
 C - a +6 ring of intelligence
 D - a +6 ring of intelligence
 E - a +6 ring of strength (right hand)
 F - a +6 ring of strength
Wands
 G - a wand of disintegration (7/24)
 H - a wand of iceblast (5/15)
 I - a wand of lightning (5/15)
 J - a wand of acid (5/15)
Scrolls
 k - 4 scrolls of blinking
 r - 4 scrolls of amnesia
 s - 3 scrolls of recharging
 t - 8 scrolls of fog
 u - a scroll of holy word
 v - 5 scrolls of identify
 w - 5 scrolls of remove curse
 x - 2 scrolls of fear
Potions
 e - 9 potions of curing
 g - 9 potions of heal wounds
 h - 6 potions of haste
 i - 7 potions of magic
 j - 2 potions of berserk rage
 l - 2 potions of brilliance
 m - 2 potions of invisibility
 n - 4 potions of resistance
 p - 5 potions of agility
 q - 5 potions of might
Comestibles
 f - 5 bread rations
 z - 42 fruits
 A - 4 meat rations


   Skills:
 + Level 6.0 Fighting
 * Level 8.9 Axes
 * Level 6.8 Throwing
 + Level 5.4 Armour
 * Level 7.9 Dodging
 * Level 6.0 Stealth
 + Level 5.3 Shields


You had 6 spell levels left.
You didn't know any spells.

Dungeon Overview and Level Annotations

Branches:
Dungeon (1/1)

Altars:
Ashenzari
Cheibriados
Dithmenos
Elyvilon
Fedhas
Gozag
Hepliaklqana
Kikubaaqudgha
Makhleb
Nemelex Xobeh
Okawaru
Qazlal
Ru
Sif Muna
Trog
Uskayaw
Vehumet
Wu Jian
Xom
Yredelemnul
Zin
The Shining One
Beogh
Jiyva
Lugonu

Annotations:
D 1 transporter


Innate Abilities, Weirdness & Mutations

You reflexively headbutt those who attack you in melee.
You have a pair of horns on your head.


Message History

BONNNG!
The merfolk hits you from afar with a trident.
Unknown command.
You slice the merfolk!!
The merfolk is heavily wounded.
You slash the merfolk!
Visions of slaying the merfolk flood into your mind.
The merfolk hits you with the +7 great sword of Past Mistakes {slice, +Fly Str-4 Int+3}!!
The merfolk hits you with a trident!
* * * LOW HITPOINT WARNING * * *
You block the merfolk's attack.
BOUMMMMG!
You block the merfolk's attack.
GONNNNG!
You feel much better. You block the merfolk's attack.
GONNNNG!
The merfolk hits you from afar with a trident of flaming!!
* * * LOW HITPOINT WARNING * * *
The merfolk burns you.
You die...

▓▓▓▓▓▓▓▓▓▓▓▓▓▓▓▓▓▓▓
▓.8©8.▓.8©8.▓.8©8.▓
▓..):.▓.[|).▓.....▓
▓.m|m.▓.....▓.....▓
▓.mm..▓.....▓.....▓
▓..@..▓.....▓...÷.▓
▓..(..▓.....▓.....▓
▓.....▓.....▓▓▓▓▓▓▓
▓▓▓▓▓▓▓▓▓▓▓▓▓


You could see 4 merfolk.

Vanquished Creatures
  2 tarantellas (D)
  2 black bears (D)
  A scorpion (D)
5 creatures vanquished.

Vanquished Creatures (others)
  A spatial maelstrom (D)
1 creature vanquished.

Grand Total: 6 creatures vanquished

Notes
Turn   | Place    | Note
-------+----------+-------------------------------------------
     0 | D        | Kidiri the Minotaur Gladiator began the quest for the Orb.
     0 | D        | Reached XP level 1. HP: 18/18 MP: 0/0
     0 | D        | Found a deep blue altar of Sif Muna.
     0 | D        | Found a sacrificial altar of Ru.
     0 | D        | Found a bloodstained altar of Trog.
     0 | D        | Found a stormy altar of Qazlal.
     0 | D        | Found an iron altar of Okawaru.
     0 | D        | Found a sparkling altar of Nemelex Xobeh.
     0 | D        | Found a blossoming altar of Fedhas.
     2 | D        | Found a transporter.
     2 | D        | Found an ancient bone altar of Kikubaaqudgha.
     2 | D        | Found a viscous altar of Jiyva.
     2 | D        | Found a corrupted altar of Lugonu.
     2 | D        | Found a hazy altar of Hepliaklqana.
     2 | D        | Found a burning altar of Makhleb.
     2 | D        | Found an opulent altar of Gozag.
     5 | D        | Banished a spatial maelstrom
    70 | D        | Became a worshipper of the Wu Jian Council
    75 | D        | Reached skill level 5 in Axes
    75 | D        | Reached XP level 2. HP: 26/26 MP: 1/1
    88 | D        | Entered arena 2.
    88 | D        | Noticed a black bear
    88 | D        | Noticed a black bear
    88 | D        | Found a transporter.
    93 | D        | Killed a black bear
    93 | D        | Reached skill level 6 in Axes
    93 | D        | Reached skill level 5 in Dodging
    93 | D        | Reached XP level 3. HP: 29/33 MP: 2/2
    93 | D        | Reached XP level 4. HP: 35/40 MP: 3/3
    93 | D        | Killed a black bear
    93 | D        | Reached skill level 7 in Axes
    93 | D        | Reached skill level 5 in Throwing
    93 | D        | Reached XP level 5. HP: 41/47 MP: 4/4
   217 | D        | Entered arena 3.
   217 | D        | Noticed a tarantella
   217 | D        | Noticed a tarantella
   217 | D        | Found a transporter.
   223 | D        | Killed a tarantella
   223 | D        | Reached * piety under Wu Jian
   223 | D        | Reached skill level 5 in Fighting
   223 | D        | Reached skill level 8 in Axes
   223 | D        | Reached skill level 5 in Stealth
   223 | D        | Reached XP level 6. HP: 27/56 MP: 5/5
   225 | D        | Reached skill level 5 in Armour
   226 | D        | Killed a tarantella
   226 | D        | Reached skill level 5 in Shields
   226 | D        | Reached XP level 7. HP: 22/63 MP: 6/6
   498 | D        | Entered arena 4.
   498 | D        | Noticed a merfolk
   498 | D        | Noticed a merfolk
   498 | D        | Noticed a merfolk
   498 | D        | Noticed a merfolk
   498 | D        | Found a transporter.
   502 | D        | Slain by a merfolk

Vault maps used:
D:        sprint_v

Skill      XL: |  1  2  3  4  5  6 |
---------------+-------------------+-----
Fighting       | 3 4 5 6 |  6.0
Axes           | 5 6 7 8 |  8.9
Throwing       | 3 4 5 6 |  6.8
Armour         | 2 3 4 5 |  5.4
Dodging        | 4 5 6 7 |  7.9
Stealth        | 2 3 4 5 6 |  6.0
Shields        | 2 3 4 5 |  5.3

Action                   |  1- 3 |  4- 6 |  7- 9 || total
-------------------------+-------+-------+-------++-------
Melee: War axe           |     4 |     6 |       ||    10
       Headbutt          |     2 |     3 |       ||     5
       Broad axe         |       |       |     1 ||     1
Throw: Throwing net      |       |     1 |       ||     1
  Use: Potion            |     2 |     1 |     1 ||     4
Armor: Leather armour    |     1 |     2 |       ||     3
Dodge: Dodged            |     3 |     9 |       ||    12
Block: Shield            |       |       |     6 ||     6
